 Dungeon Crawl Stone Soup version 0.30-a0-591-g3c58d2bc28 (webtiles) character file.

Game seed: 5959368085449259252

3600 kae the Transmogrifier (level 9, -5/59 HPs)
             Began as a Demonspawn Transmuter on Jan 5, 2023.
             Was an Initiate of Ru.
             Slain by a killer bee (7 damage)
             ... on level 8 of the Dungeon.
             The game lasted 00:09:35 (9124 turns).

kae the Transmogrifier (Demonspawn Transmuter)      Turns: 9124, Time: 00:09:35

Health: -5/59      AC:  4    Str: 18    XL:     9   Next: 85%
Magic:  12/15      EV: 12    Int: 21    God:    Ru [......]
Gold:   53         SH:  0    Dex: 12    Spells: 1/16 levels left

rFire   . . .      SeeInvis .      - Unarmed
rCold   + . .      Faith    .    (no shield)
rNeg    . . .      Spirit   .    a - +0 robe
rPois   .          Reflect  .    (no helmet)
rElec   .          Harm     .    (no cloak)
rCorr   .          Rampage  .    (no gloves)
Will    .....                    (no boots)
Stlth   +                        (no amulet)
HPRegen 0.29/turn                C - ring of protection from cold
MPRegen 0.14/turn                I - +6 ring of intelligence

@: lethally poisoned (-5 -> -16), flying
A: claws 2, thin metallic scales 1, powered by pain 2, strong 1, subdued magic 2
a: Renounce Religion


You were on level 8 of the Dungeon.
You worshipped Ru.
Ru was noncommittal.
You visited 2 branches of the dungeon, and saw 9 of its levels.

You collected 417 gold pieces.
You spent 364 gold pieces at shops.


Innate Abilities, Weirdness & Mutations

You have very sharp fingernails.
You are partially covered in thin metallic scales. (AC +2)
You sometimes gain power by taking damage.
Your muscles are strong. (Str +4, Int/Dex -1)
Your spells are easier to cast, but less powerful.


   Skills:
 - Level 1.0 Fighting
 - Level 1.7 Dodging
 + Level 6.7 Unarmed Combat
 - Level 4.0 Spellcasting
 * Level 9.0 Transmutations
 - Level 6.0 Ice Magic
 - Level 1.5 Poison Magic


You had one spell level left.
You knew the following spells:

 Your Spells              Type           Power      Damage    Failure   Level
a - Beastly Appendage     Tmut           52%        N/A       1%          1
b - Wereblood             Tmut           26%        N/A       1%          2
c - Spider Form           Tmut/Pois      16%        N/A       2%          3
d - Ice Form              Ice/Tmut       22%        N/A       3%          4
e - Blade Hands           Tmut           13%        N/A       5%          5

Your spell library contained the following spells:

 Spells                   Type           Power      Damage    Failure   Level
 Foxfire                  Conj/Fire      8%         2x1d4     8%          1
 Magic Dart               Conj           8%         1d3       8%          1
 Summon Small Mammal      Summ           8%         N/A       8%          1
 Ignite Poison            Fire/Tmut/Pois 11%        N/A       5%          3
 Poisonous Vapours        Pois/Air       8%         N/A       9%          2
 Cigotuvi's Dreadful Rot  Necr/Pois/Air  6%         N/A       10%         2
 Call Imp                 Summ           2%         N/A       13%         2
 Mephitic Cloud           Conj/Pois/Air  3%         N/A       21%         3
 Call Canine Familiar     Summ           2%         N/A       26%         3
 Gell's Gravitas          Tloc           2%         N/A       26%         3
 Kindle Blastsparks       Fire/Tloc/Air  4%         2d10      26%         3
 Lesser Beckoning         Tloc           4%         N/A       26%         3
 Portal Projectile        Hex/Tloc       4%         N/A       26%         3
 Summon Guardian Golem    Hex/Summ       2%         N/A       26%         3
 Teleport Other           Tloc           2%         N/A       26%         3
 Tukima's Dance           Hex            2%         N/A       26%         3
 Cause Fear               Hex            1%         N/A       67%         4
 Freezing Cloud           Conj/Ice/Air   3%         6-21      75%         5
 Dragon Form              Tmut           13%        N/A       90%         7
 Fireball                 Conj/Fire      1%         3d3       95%         5
 Starburst                Conj/Fire      1%         6d3       100%        6
 Dragon's Call            Summ           1%         N/A       100%        9

Inventory:

Missiles
 e - 8 javelins
 h - 3 throwing nets {=f!f}
 i - 57 stones
 j - 7 boomerangs
 k - 15 poisoned darts
 p - 6 atropa-tipped darts
Armour
 a - a +0 robe (worn)
 o - the +4 leather armour "Vixeqiun" {+Inv rPois rC+ Stlth+}
   (You found it on level 3 of the Dungeon)

   rC:        It protects you from cold.
   rPois:     It protects you from poison.
   +Inv:      It lets you turn invisible.
   Stlth:     It makes you more stealthy.
Jewellery
 C - a ring of protection from cold (left claw)
   (You found it on level 4 of the Dungeon)
 I - a +6 ring of intelligence (right claw)
   (You found it on level 7 of the Dungeon)
Wands
 x - a wand of iceblast (8)
   (You found it on level 7 of the Dungeon)
 z - a wand of acid (10)
   (You found it on level 7 of the Dungeon)
Scrolls
 f - 2 scrolls of enchant weapon
 m - a scroll of brand weapon
 q - 2 scrolls of teleportation {@r4}
 t - 2 scrolls of poison {!r}
 y - a scroll of identify {@r1}
Potions
 b - a potion of lignification {!q}
 c - 2 potions of invisibility
 d - 2 potions of berserk rage {unknown}
 g - 2 potions of haste {@q3}
 l - 3 potions of brilliance
 n - 3 potions of cancellation {unknown}
 s - a potion of mutation {!q}
 u - 2 potions of resistance
 v - a potion of curing {unknown}
 w - a potion of attraction {!q}

Dungeon Overview and Level Annotations

Branches:
Dungeon (8/15) Zot: 25918  Temple (1/1) D:6 Zot: 5976
   Lair: D:8-11

Altars:
Gozag
Hepliaklqana
Kikubaaqudgha
Makhleb
Qazlal
Ru
Uskayaw
Vehumet
Yredelemnul

Shops:
D:1 :=[   D:8 =

Annotations:
D:4 1 runed translucent door, Crazy Yiuf
D:7 exclusion: upstairs

##.## ...#. #.## ....
############..## ...#
#..>.......##..# #...##.
#..........###.###.......
#..........###..#..#
#######......##...##
###.##.##y### #..#.##@#
### ##.#..#.# #.#
#.##.#.# #######.####
#.##...## ##...........
#.####..###..#####..###
#..###......## ##.....
##..[.......#####..####
####...###.....#.#####
#..#...#####........


You could see a killer bee.


Message History

y - a scroll of identify {@r1} You see here a +0 buckler.
Key pressed, stopping explore.
A killer bee comes into view. x2
There are monsters nearby!
There are monsters nearby!
There are monsters nearby!
Casting: Blade Hands (dangerous; 5% risk of failure)
Confirm with . or Enter, or press ? or * to list all spells.
Your claws turn into razor-sharp scythe blades.
The killer bee buzzes angrily.
A killer bee comes into view.
A killer bee comes into view. 😎 MP[-5]
You lost 5 mp, and now have 10/15 mp.
The killer bee buzzes angrily.
The killer bee stings you but does no damage.
You miss the killer bee. The killer bee stings you.
The killer bee stings you but does no damage.
You closely miss the killer bee. The killer bee closely misses you.
The killer bee stings you!
You are poisoned.
The killer bee poisons you! 😕 HP[-11]
You take 11 damage, and now have 48/59 hp.
You slash the killer bee!
You feel sick.
The killer bee closely misses you. 😕 HP[-1] MP[+1]
You take 1 damage, and now have 47/59 hp.
Unknown command.
You slice the killer bee!!
You kill the killer bee!
Your transformation is almost over.
You feel sick. The killer bee misses you. 😕 HP[-1]
You take 1 damage, and now have 46/59 hp.
You closely miss the killer bee.
You feel sick. The killer bee closely misses you. The killer bee stings you.
You are more poisoned.
The killer bee poisons you! 😮 HP[-8]
You take 8 damage, and now have 38/59 hp.
Unknown command.
You barely miss the killer bee.
You feel sick. The killer bee barely misses you.
The killer bee closely misses you. 😮 HP[-1]
You take 1 damage, and now have 37/59 hp.
Unknown command.
You barely miss the killer bee.
You feel sick.
The killer bee stings you but does no damage.
The killer bee barely misses you. 😮 HP[-2]
You take 2 damage, and now have 35/59 hp.
Unknown command.
You slash the killer bee!
You feel sick. The killer bee stings you. 😮 HP[-5]
You take 5 damage, and now have 30/59 hp.
You closely miss the killer bee.
You feel sick. The killer bee stings you.
* * * LOW HITPOINT WARNING * * *
The killer bee closely misses you.
Unknown command. 😨 HP[-3]
You take 3 damage, and now have 27/59 hp.
You slice the killer bee!!
You kill the killer bee!
You feel sick. The killer bee stings you!
* * * LOW HITPOINT WARNING * * *
You are more poisoned.
The killer bee poisons you! 😨 HP[-7]
You take 7 damage, and now have 20/59 hp.
You slice the killer bee!!
You kill the killer bee!
You feel very sick. The killer bee barely misses you.
Your Transmutations skill increases to level 9! 😨 HP[-3] MP[+1]
You take 3 damage, and now have 17/59 hp.
Unknown command.
You closely miss the killer bee.
You feel sick. The killer bee stings you.
* * * LOW HITPOINT WARNING * * *
You are lethally poisoned!
The killer bee poisons you! 😱 HP[-8]
You take 8 damage, and now have 9/59 hp.
You barely miss the killer bee.
* * * LOW HITPOINT WARNING * * *
You feel very sick. The killer bee misses you. The killer bee stings you.
* * * LOW HITPOINT WARNING * * *
😱 HP[-4]
You take 4 damage, and now have 5/59 hp.
Unknown command.
It was a potion of flight.
You feel very buoyant.
You fly up into the air.
Your claws revert to their normal proportions.
* * * LOW HITPOINT WARNING * * *
You feel very sick. The killer bee closely misses you.
The killer bee stings you!
You die...

Skill      XL: |  1  2  3  4  5  6  7  8  9 |
---------------+----------------------------+-----
Transmutations | 2 3 4 5 7 9 |  9.0
Unarmed Combat | 3 4 5 6 |  6.7
Poison Magic   | 1 |  1.5
Spellcasting   | 3 4 |  4.0
Ice Magic      | 1 2 3 5 6 |  6.0
Fighting       | |  1.0
Dodging        | |  1.7

Action                   |  1- 3 |  4- 6 |  7- 9 || total
-------------------------+-------+-------+-------++-------
Melee: Unarmed           |    61 |   129 |   254 ||   444
       Kick              |    13 |     9 |       ||    22
       Headbutt          |     4 |     7 |     3 ||    14
       Punch             |     1 |       |     1 ||     2
 Cast: Beastly Appendage |    13 |    14 |     3 ||    30
       Spider Form       |     3 |     9 |    14 ||    26
       Wereblood         |       |     2 |     5 ||     7
       Ice Form          |       |     1 |    23 ||    24
       Blade Hands       |       |       |     2 ||     2
  Use: Scroll            |     8 |     6 |     7 ||    21
       Potion            |     1 |     3 |     3 ||     7
 Stab: Sleeping          |       |     1 |       ||     1
Armor: Robe              |     7 |    13 |     8 ||    28
       Skin              |     2 |    10 |    60 ||    72
       Leather armour    |       |     2 |       ||     2
Dodge: Dodged            |    33 |    75 |   199 ||   307

Levels and vault maps discovered:
D:1:      lemuel_arrival_muddy, layout_loops_ring, serial_shops,
          nicolae_shop_hallway_plus, nicolae_square_shop, shop
D:2:      layout_loops_ring
D:3:      layout_basic, bh_walls_and_bars
D:4:      layout_loops_corners, grunt_ministairs_10, uniq_crazy_yiuf_cottage
D:5:      layout_cave_pods, gup_sewer_entry_pipe, minmay_misc_feat_doors,
          minmay_misc_feat_room, minmay_fountain_box, chequers_big_river
D:6:      layout_basic, minmay_temple_entry_from_below_a,
          lightli_ossuary_entry_decrepit_ruins, uniq_sigmund, uniq_maggie
D:7:      layout_loops_corners, mainiacjoe_overflow_small_starburst
D:8:      layout_rooms, hangedman_abyss_or_decor_lesser_grid,
          minmay_shop_enchanted_jewellery
Temple:   compressed_dpeg_triangle_lava_temple

Notes
Turn   | Place    | Note
-------+----------+-------------------------------------------
     0 | D:1      | kae the Demonspawn Transmuter began the quest for the Orb.
     0 | D:1      | Reached XP level 1. HP: 15/15 MP: 3/3
     0 | D:1      | magus.rc [v1.11.3]
    25 | D:1      | Found Ulobbon's Book Emporium.
    27 | D:1      | You pick up a book of Fire and begin reading...
    27 | D:1      | You add the spells Foxfire, Fireball and Starburst to your
                  | library.
    67 | D:1      | Reached skill level 2 in Transmutations
   108 | D:1      | Gained mutation: You have sharp fingernails. [demonic
                  | ancestry]
   108 | D:1      | Reached XP level 2. HP: 21/21 MP: 3/5
   215 | D:1      | Found Ahimnig's Jewellery Shop.
   230 | D:1      | Found Ziegol's Armour Shoppe.
   801 | D:2      | Reached skill level 3 in Unarmed Combat
   948 | D:2      | Reached XP level 3. HP: 26/26 MP: 4/6
   951 | D:2      | Learned a level 2 spell: Wereblood
   955 | D:2      | Learned a level 3 spell: Spider Form
  1176 | D:2      | You pick up a book of Displacement and begin reading...
  1176 | D:2      | You add the spells Lesser Beckoning, Gell's Gravitas and
                  | Teleport Other to your library.
  1682 | D:3      | You fall into a shaft and drop 3 floors!
  1684 | D:6      | Noticed an ogre
  1700 | D:5      | Entered Level 5 of the Dungeon
  1762 | D:5      | You pick up a book of Vapours and begin reading...
  1762 | D:5      | You add the spells Poisonous Vapours, Cigotuvi's Dreadful
                  | Rot and Mephitic Cloud to your library.
  1844 | D:4      | HP: 5/26 [acid (5)]
  1845 | D:4      | Reached skill level 3 in Transmutations
  1845 | D:4      | Reached skill level 1 in Poison Magic
  1845 | D:4      | Gained mutation: You sometimes gain a little power by
                  | taking damage. [demonic ancestry]
  1845 | D:4      | Reached XP level 4. HP: 7/32 MP: 3/7
  1973 | D:4      | You add the spells Kindle Blastsparks, Ignite Poison and
                  | Freezing Cloud to your library.
  2048 | D:4      | Noticed a phantom
  2063 | D:4      | Killed a phantom
  2064 | D:4      | Gained mutation: You sometimes gain power by taking damage.
                  | [demonic ancestry]
  2064 | D:4      | Reached XP level 5. HP: 13/37 MP: 5/9
  2407 | D:4      | Found a runed translucent door.
  2408 | D:4      | Noticed Crazy Yiuf
  2606 | D:3      | Reached skill level 3 in Spellcasting
  2937 | D:3      | Identified the +4 leather armour "Vixeqiun" {+Inv rPois rC+
                  | Stlth+}
  2957 | D:3      | Reached skill level 4 in Transmutations
  3236 | D:3      | You pick up a book of Minor Magic and begin reading...
  3236 | D:3      | You add the spells Magic Dart and Call Imp to your library.
  3440 | D:3      | Learned a level 4 spell: Ice Form
  3554 | D:4      | Noticed an ogre
  3679 | D:4      | Killed an ogre
  3680 | D:4      | Reached skill level 1 in Ice Magic
  3680 | D:4      | Reached XP level 6. HP: 35/43 MP: 10/10
  4164 | D:5      | Noticed a water moccasin
  4175 | D:5      | Killed a water moccasin
  4176 | D:5      | Reached skill level 4 in Unarmed Combat
  4176 | D:5      | Reached skill level 2 in Ice Magic
  4306 | D:5      | HP: 8/43 [orc priest/+0 club (5)]
  4307 | D:5      | Gained mutation: Your muscles are strong. (Str +4, Int/Dex
                  | -1) [potion of mutation]
  4307 | D:5      | Gained mutation: Your spells are a little easier to cast,
                  | but a little less powerful. [potion of mutation]
  4307 | D:5      | Gained mutation: Your spells are easier to cast, but less
                  | powerful. [potion of mutation]
  4311 | D:5      | Gained mutation: You have very sharp fingernails. [demonic
                  | ancestry]
  4311 | D:5      | Reached XP level 7. HP: 33/48 MP: 4/11
  4342 | D:5      | Reached skill level 5 in Transmutations
  4381 | D:5      | Reached skill level 3 in Ice Magic
  4470 | D:5      | Identified the +3 whip "Xoiralid" {pain, Fragile Will+
                  | Dex+7}
  4794 | D:5      | Gained mutation: You are partially covered in thin metallic
                  | scales. (AC +2) [demonic ancestry]
  4794 | D:5      | Reached XP level 8. HP: 38/54 MP: 9/12
  4899 | D:5      | Identified the +2 scale mail of Atheism {rC+ Dex+4}
  5566 | D:6      | Noticed Maggie
  5579 | D:6      | Killed Maggie
  5580 | D:6      | Reached skill level 5 in Unarmed Combat
  5580 | D:6      | Reached skill level 6 in Transmutations
  5580 | D:6      | Reached skill level 4 in Ice Magic
  5700 | D:6      | Reached skill level 5 in Ice Magic
  5954 | D:6      | Noticed Sigmund
  5972 | D:6      | Killed Sigmund
  5973 | D:6      | Reached skill level 7 in Transmutations
  6123 | D:6      | Found a staircase to the Ecumenical Temple.
  6143 | D:6      | Reached XP level 9. HP: 58/58 MP: 10/13
  6455 | D:7      | You pick up a book of the Dragon and begin reading...
  6455 | D:7      | You add the spells Cause Fear, Dragon Form and Dragon's
                  | Call to your library.
  6515 | D:7      | Reached skill level 6 in Ice Magic
  6989 | D:7      | You pick up a book of Callings and begin reading...
  6989 | D:7      | You add the spells Summon Small Mammal, Call Canine
                  | Familiar and Summon Guardian Golem to your library.
  7007 | D:7      | HP: 10/67 [wight/+5 dire flail of freezing (10)]
  7266 | D:7      | Reached skill level 6 in Unarmed Combat
  7410 | D:7      | Found an ancient bone altar of Kikubaaqudgha.
  7641 | D:7      | Reached skill level 8 in Transmutations
  7990 | Temple   | Entered the Ecumenical Temple
  8008 | Temple   | Became a worshipper of Ru the Awakened
  8060 | D:8      | HP: 5/70 [gnoll/+0 halberd[a gnoll bouda] (14)]
  8067 | D:7      | HP: 5/70 [gnoll/+0 flail[a gnoll bouda] (2)]
  8377 | D:1      | Bought a book of Weapons for 364 gold pieces
  8377 | D:1      | You pick up a book of Weapons and begin reading...
  8377 | D:1      | You add the spells Tukima's Dance, Portal Projectile and
                  | Blade Hands to your library.
  8860 | D:8      | Learned a level 5 spell: Blade Hands
  8874 | D:8      | Reached skill level 4 in Spellcasting
  8981 | D:8      | Found Iskiuv's Jewellery Shop.
  9122 | D:8      | Reached skill level 9 in Transmutations
  9122 | D:8      | HP: 9/59 [killer bee (6)]
  9124 | D:8      | HP: 2/59 [poisoned by a killer bee]
  9124 | D:8      | Slain by a killer bee

Vanquished Creatures
  Maggie (D:6)
  Sigmund (D:6)
  A steam dragon (D:7)
  4 water moccasins
  2 ice beasts
  2 sky beasts
  2 centaurs
  4 ogres
  2 phantoms
  2 necrophages (D:6)
  A gnoll sergeant (D:6)
  4 wights (D:7)
  3 killer bees (D:8)
  2 howler monkeys
  5 orc priests
  A gnoll bouda (D:7)
  7 hounds
  3 jellies
  3 iguanas
  4 orc wizards
  14 gnolls
  10 adders
  A shadow imp (D:7)
  A white imp (D:5)
  3 ufetubi
  2 worms
  2 dart slugs (D:4)
  18 orcs
  5 ball pythons
  6 bats
  2 endoplasms (D:2)
  6 giant cockroaches
  3 goblins
  4 hobgoblins
  4 jackals (D:1)
  3 kobolds
  8 quokkas
  2 frilled lizards
  7 rats
155 creatures vanquished.

Vanquished Creatures (others)
  An orc wizard (D:5)
  3 plants (D:5)
4 creatures vanquished.

Grand Total: 159 creatures vanquished

Table legend:
 A = Non-vault XP
 B = Vault XP
 C = Vault XP percentage of total XP
 D = Non-vault monster count
 E = Vault monster count
 F = Vault count percentage of total count
                 A         B        C        D         E       F
            +---------+---------+-------+---------+---------+-------
      Total |    4496 |     648 |  12.6 |     145 |      10 |   6.5
            +---------+---------+-------+---------+---------+-------
        D:1 |      23 |       0 |   0.0 |      12 |       0 |   0.0
        D:2 |      47 |       0 |   0.0 |      14 |       0 |   0.0
        D:3 |      96 |       0 |   0.0 |      25 |       0 |   0.0
        D:4 |     306 |      15 |   4.7 |      12 |       2 |  14.3
        D:5 |     931 |      12 |   1.3 |      17 |       6 |  26.1
        D:6 |     940 |     621 |  39.8 |      30 |       2 |   6.2
        D:7 |    1567 |       0 |   0.0 |      23 |       0 |   0.0
        D:8 |     586 |       0 |   0.0 |      12 |       0 |   0.0
            +---------+---------+-------+---------+---------+-------

Illustrated notes

Table legend:
 A = Kills in this place as a percentage of kills in entire the game.
 B = Kills by you in this place as a percentage of kills by you in the entire game.
 C = Kills by friends in this place as a percentage of kills by friends in the entire game.
 D = Other kills in this place as a percentage of other kills in the entire game.
 E = Experience gained in this place as a percentage of experience gained in the entire game.
 F = Experience gained in this place divided by the number of levels of this place that you have seen.
                   A       B       C       D       E      F
               +-------+-------+-------+-------+-------+----------------------
         Total | 100.0 | 100.0 |   N/A |   N/A | 100.0 | 571.6
       Dungeon | 100.0 | 100.0 |   N/A |   N/A | 100.0 | 643.0
               +-------+-------+-------+-------+-------+----------------------

Table legend: (Time is in decaauts)
 A = Elapsed time spent in this place.
 B = Non-inter-level travel time spent in this place.
 C = Inter-level travel time spent in this place.
 D = Time resting spent in this place.
 E = Time spent auto-exploring this place.
 F = Levels seen in this place.
 G = Mean time per level.
                   A        B        C        D        E       F      G
               +--------+--------+--------+--------+--------+-----+--------+
         Total |   9117 |   8583 |    534 |    557 |   6616 |   9 | 1013.0 |
       Dungeon |   9093 |   8563 |    530 |    557 |   6604 |   8 | 1136.6 |
        Temple |     23 |     19 |      4 |      0 |     12 |   1 |   23.0 |
               +--------+--------+--------+--------+--------+-----+--------+

Top non-repeatable levels by time:
     D:7: 1799 daAuts
     D:4: 1491 daAuts
     D:5: 1410 daAuts
     D:6: 1150 daAuts
     D:3: 1000 daAuts
     D:2: 923 daAuts
     D:1: 835 daAuts
     D:8: 482 daAuts
  Temple: 23 daAuts
